Map: Acolyte LE

Players

ChuckNorris - Winner!

  • Race: Terran Terran
  • Spawn Location: 1:00

Clokworx

  • Race: Terran Terran
  • Spawn Location: 7:00

VOD

Have the link to the VOD?

Description

Time

  • Played on: Nov. 18, 2019, 9:21 p.m.
  • Length: 14:55
Show
View Real Time Build Order
Export as new Build Order

ChuckNorris Terran - Winner!

Build Orders:  

Get SALT Encoding   

  12  0:03  SCV  
  13  0:22  SCV  
  13  0:26  Supply Depot  
  14  0:34  SCV  
  15  0:40  Supply Depot  
  15  0:47  SCV  
  16  0:50  Barracks  
  16  1:00  SCV  
  16  1:03  Refinery  
  17  1:12  SCV  
  18  1:23  Refinery  
  18  1:24  SCV  
  19  1:36  SCV  
  20  1:44  Marine  
  21  1:48  SCV  
  22  2:00  SCV  
  23  2:01  Marine  
  24  2:12  SCV  
  25  2:19  Marine  
  26  2:24  Factory  
  26  2:41  Barracks Tech Lab  
  26  2:49  Orbital Command  
  26  3:02  Combat Shield  
  26  3:06  Marauder  
  28  3:49  Marauder  
  28  3:53  Factory Tech Lab  
  30  4:00  SCV  
  31  4:13  Command Center  
  31  4:14  Supply Depot  
  31  4:15  Supply Depot  
  31  4:21  Stimpack  
  31  4:25  SCV, Marauder  
  34  4:37  SCV  
  35  4:49  SCV  
  36  5:01  SCV  
  36  5:03  Marauder  
  39  5:18  SCV  
  40  5:25  Marauder  
  40  5:26  Orbital Command  
  42  5:30  SCV  
  43  5:37  Starport  
  43  5:42  SCV  
  44  5:46  Marine  
  45  5:54  SCV  
  46  6:01  Concussive Shells  
  46  6:03  Marine  
  47  6:06  SCV  
  48  6:21  Marine  
  49  6:53  Starport Reactor  
  49  6:55  SCV  
  49  7:00  SCV  
  51  7:05  Refinery  
  51  7:06  Refinery  
  51  7:07  SCV  
  52  7:12  SCV  
  53  7:17  Supply Depot  
  53  7:18  Supply Depot  
  53  7:19  SCV  
  53  7:20  Marauder  
  56  7:23  Siege Tank  
  56  7:24  SCV  
  60  7:32  SCV  
  60  7:33  Medivac  
  60  7:34  Medivac  
  65  7:42  Marauder  
  65  7:44  SCV  
  68  7:55  Siege Tank  
  71  8:03  Marauder  
  73  8:12  Mag-Field Accelerator  
  73  8:24  Marauder  
  75  8:27  Siege Tank  
  78  8:46  Marauder  
  80  8:59  Siege Tank  
  83  9:12  Marauder  
  85  9:23  Supply Depot  
  85  9:24  Supply Depot  
  85  9:25  Supply Depot  
  85  9:26  Supply Depot  
  85  9:45  Marauder, Siege Tank  
  90  9:48  Supply Depot  
  90  9:49  Supply Depot  
  90  9:51  Supply Depot  
  90  9:53  Supply Depot  
  90  10:03  Armory  
  90  10:06  Marine  
  91  10:17  Viking x2, Siege Tank  
  98  10:24  Marine  
  99  10:42  Marine  
  100  10:46  Command Center  
  100  10:47  Refinery, Viking x2  
  100  10:49  Refinery  
  104  10:51  Engineering Bay  
  104  10:59  Marine  
  105  11:17  Marine  
  106  11:20  SCV  
  107  11:27  Terran Vehicle Weapons Level 1, Terran Infantry Weapons Level 1  
  108  11:32  SCV  
  108  11:34  Viking x2  
  108  11:35  Marine  
  113  11:44  SCV  
  114  11:53  Marauder  
  116  11:57  SCV  
  117  12:04  Viking x2  
  121  12:09  SCV  
  121  12:15  Marauder  
  124  12:34  Medivac x2  
  128  12:38  Orbital Command  
  128  13:00  Infernal Pre-Igniter  
Show
View Real Time Build Order
Export as new Build Order

Clokworx Terran 

Build Orders:  

Get SALT Encoding   

  12  0:07  SCV  
  13  0:29  Supply Depot  
  13  0:31  SCV  
  14  0:42  Refinery  
  14  0:44  SCV  
  15  0:56  SCV  
  16  1:03  Barracks  
  16  1:10  SCV  
  17  1:22  SCV  
  17  1:23  Refinery  
  18  1:34  SCV  
  19  1:46  SCV  
  20  1:58  SCV  
  21  2:10  SCV  
  22  2:31  SCV  
  23  2:43  Orbital Command  
  23  2:58  Factory  
  23  3:44  Supply Depot  
  23  4:05  Reaper  
  24  4:33  Hellion  
  24  4:37  Reaper  
  27  5:10  Reaper  
  28  5:17  Hellion  
  28  5:19  Command Center  
  30  5:42  Reaper  
  31  6:02  Hellion  
  31  6:31  Hellion, Reaper  
  31  6:32  Supply Depot  
  34  6:52  Hellion  
  36  6:59  SCV  
  37  7:03  Reaper  
  38  7:11  SCV  
  38  7:14  Hellion  
  41  7:23  SCV  
  42  7:35  SCV, Reaper  
  43  7:47  SCV  
  44  8:12  Barracks Reactor  
  44  8:51  Starport  
  44  9:05  SCV  
  45  9:12  Refinery  
  45  9:17  SCV  
  46  9:29  SCV  
  47  9:41  SCV  
  48  9:53  SCV  
  49  10:40  Barracks  
  49  10:58  SCV  
  50  11:10  SCV  
  51  11:23  SCV  
  52  11:35  SCV  
  45  11:47  SCV  
  38  11:59  SCV  
  39  12:11  SCV  
  40  12:27  Barracks Reactor  
  40  12:41  Reaper  
  40  12:43  Reaper  
  42  12:46  Hellion  
  44  13:08  Hellion  
  46  13:13  Reaper  
  46  13:15  Reaper, Orbital Command  
  48  13:29  Hellion  
  50  13:46  Reaper  
  50  13:47  Reaper  
  52  13:51  Hellion  
  54  14:32  Hellion  
Tags
 
Matchup
TvT
Race
Terran
Spawn Locations
Cross Positions
Add a new tag
Caveats
  • Supply blocks, unpowered buildings, or Contaminate may cause inaccurate times.
  • Supply counts are checked every 10 seconds.